AoeStats
← Patience

Arena

509698388Analyzed
1v1 RM · 4d ago on Sep 27, 2026· 50m 8s· 2 players
Game mode
Random Map
Map size
Tiny (2 player)
Population
200
Speed
Normal
Resources
Standard
Victory
Conquest
Starting age
Dark Age
Ending age
Imperial Age
RankedLock teamsTeams togetherTeam positionsShared explorationLock speedFull tech treeHidden civsTurbo modeCheats
Victory
Defeat
🇨🇳 Varangians · China
832
+14
🇺🇸 Saxons · United States
787
-14
deathlate
10:53 Feudal Age
9:08 Loom
11:26 Double-Bit Axe
17:15 Castle Age
15:51 Fletching
20:36 Scale Barding Armor
22:28 Light Cavalry
24:45 Horse Collar
25:41 Heavy Plow
26:41 Wheelbarrow
26:25 Bow Saw
27:03 Elite Skirmisher
27:40 Bodkin Arrow
28:50 Hand Cart
28:30 Stone Mining
28:37 Gold Mining
29:37 Town Watch
30:07 Man-at-Arms
33:53 Imperial Age
31:02 Long Swordsman
32:47 Stone Shaft Mining
32:45 Scale Mail Armor
32:55 Forging
33:10 Squires
34:32 Gambesons
35:06 Chain Mail Armor
35:27 Iron Casting
35:48 Crop Rotation
37:33 Plate Mail Armor
36:31 Two-Handed Swordsman
37:23 Murder Holes
37:48 Ballistics
39:27 Conscription
39:19 Elite Jarl
41:10 Blast Furnace
40:11 Bracer
41:37 Masonry
41:33 Siege Engineers
42:29 Chemistry
41:10 Treadmill Crane
41:08 Vendel Legacy
41:45 Arson
43:01 Architecture
43:38 Chemistry
42:19 Treadmill Crane
42:58 Bloodlines
42:55 Husbandry
44:16 Chain Barding Armor
47:29 Hussar
49:15 Plate Barding Armor
48:41 Padded Archer Armor
49:34 Fortified Wall
49:36 Clinker Construction
49:16 Guard Tower
49:48 Fervor
49:05 Onager
Patience
10:14 Feudal Age
8:55 Loom
12:22 Double-Bit Axe
16:56 Horse Collar
25:19 Castle Age
25:24 Scale Mail Armor
25:44 Forging
25:29 Pikeman
32:55 Chain Mail Armor
33:16 Iron Casting
40:37 Imperial Age
44:53 Plate Mail Armor
47:10 Elite Varangian Guard
Connection lost

Rejoining the realm…

Still unreachable

The connection could not be restored.

Session expired

The server has moved on; the page needs a fresh start.